[Event "26th Hit Open-A 2022"]
[Site "Nova Gorica"]
[Date "2022.09.19"]
[Round "6.45"]
[White "Guid, Taja"]
[Black "Zlatanovic, Srdjan"]
[Result "1/2-1/2"]
[ECO "B23"]
[WhiteElo "1511"]
[BlackElo "1740"]
[Annotator "NA COMBH"]
[PlyCount "92"]
[EventDate "2022.09.16"]
[EventType "swiss"]
[EventCountry "SLO"]
[SourceTitle "playchess.com"]
[Source "ChessBase"]
[SourceQuality "1"]
[TimeControl "5400+30"]

1. e4 c5 2. Nc3 a6 3. Nge2 b5 4. g3 Bb7 5. Bg2 d6 6. d4 cxd4 7. Nxd4 Nd7 8. O-O g6 9. Re1 Bg7 10. Be3 Ngf6 11. e5 dxe5 12. Bxb7 exd4 13. Bxa8 dxe3 14. Bg2 exf2+ 15. Kxf2 O-O 16. Kg1 b4 17. Na4 Qa5 18. c4 bxc3 19. Rxe7 cxb2 20. Rb1 Rd8 21. Qc2 Nd5 22. Bxd5 Qxd5 23. Qe4 Qxa2 24. Qc2 Bd4+ 25. Kg2 Ne5 26. Nxb2 Qd5+ 27. Kh3 Nf3 28. g4 Qg5 29. Qc7 Qh4+ 30. Kg2 Qf2+ 31. Kh1 Bb6 32. Qf4 Rf8 33. Nd3 Qc2 34. Rxb6 Qxd3 35. Kg2 Nh4+ 36. Kf2 Qc2+ 37. Kg3 Qc5 38. Qe3 Qc2 39. Qe2 Qc5 40. Qe3 Qc2 41. Qe2 Qc5 42. Qe3 Qc2 43. Kxh4 Qxh2+ 44. Kg5 h6+ 45. Kf6 Qh4+ 46. g5 hxg5 1/2-1/2

[Event "26th Hit Open-A 2022"]
[Site "Nova Gorica"]
[Date "2022.09.19"]
[Round "6.46"]
[White "Bajec, Borut"]
[Black "Cokan, Mirko"]
[Result "1/2-1/2"]
[ECO "C01"]
[WhiteElo "1732"]
[BlackElo "1683"]
[Annotator "NA COMBH"]
[PlyCount "53"]
[EventDate "2022.09.16"]
[EventType "swiss"]
[EventCountry "SLO"]
[SourceTitle "playchess.com"]
[Source "ChessBase"]
[SourceQuality "1"]
[TimeControl "5400+30"]

1. d4 Nf6 2. c4 e5 3. e3 exd4 4. exd4 d5 5. Nf3 Bb4+ 6. Bd2 Qe7+ 7. Be2 Bxd2+ 8. Qxd2 dxc4 9. O-O Bg4 10. Nc3 O-O 11. Rae1 Qd8 12. h3 Bxf3 13. Bxf3 c6 14. Ne4 Nxe4 15. Rxe4 Nd7 16. Rfe1 Nf6 17. Re7 Rb8 18. a3 Nd5 19. R7e5 Qd7 20. Bxd5 cxd5 21. Re7 Qc6 22. Qe3 a5 23. Qe5 b5 24. Rc7 Qa8 25. Re7 b4 26. axb4 axb4 27. Kh2 1/2-1/2

[Event "26th Hit Open-A 2022"]
[Site "Nova Gorica"]
[Date "2022.09.19"]
[Round "6.47"]
[White "Novak, Simona"]
[Black "Savoia, Serge"]
[Result "0-1"]
[ECO "C41"]
[WhiteElo "1692"]
[BlackElo "1636"]
[Annotator "NA COMBH"]
[PlyCount "154"]
[EventDate "2022.09.16"]
[EventType "swiss"]
[EventCountry "SLO"]
[SourceTitle "playchess.com"]
[Source "ChessBase"]
[SourceQuality "1"]
[TimeControl "5400+30"]

1. e4 d6 2. d4 e5 3. Nf3 Bg4 4. dxe5 Bxf3 5. Qxf3 dxe5 6. Bc4 Qf6 7. Qg3 h6 8. Nc3 c6 9. Bd2 Nd7 10. O-O-O b5 11. Be2 a5 12. f4 exf4 13. Bxf4 Bb4 14. e5 Qg6 15. Qxg6 fxg6 16. Nxb5 cxb5 17. Bxb5 O-O-O 18. Ba6+ Kc7 19. e6+ Kb6 20. Rxd7 Rxd7 21. exd7 Ne7 22. Bc4 g5 23. Be5 Rd8 24. Rd1 Nf5 25. Be6 Ne3 26. Bd4+ Bc5 27. Bxc5+ Kxc5 28. Rd3 Nxg2 29. Rc3+ Kd6 30. Rc8 Ke7 31. Bh3 Nf4 32. Bf1 Rxd7 33. c4 Nd3+ 34. Bxd3 Rxd3 35. Rc5 a4 36. Rc7+ Kf6 37. Ra7 Rh3 38. Rxa4 Rxh2 39. c5 Ke5 40. c6 Kd6 41. Rc4 Kc7 42. a4 Rh4 43. Rc3 Rxa4 44. Rf3 Rf4 45. Ra3 g6 46. Ra7+ Kb6 47. Rh7 h5 48. Re7 Rc4+ 49. Kd2 Rxc6 50. Re5 g4 51. Rg5 Rf6 52. Ke2 Kc7 53. b4 Kd7 54. b5 Ke7 55. Rc5 Rb6 56. Rc7+ Kd6 57. Ra7 Kc5 58. Rc7+ Kxb5 59. Kf2 h4 60. Rh7 Rf6+ 61. Kg2 g5 62. Rb7+ Kc5 63. Ra7 Kb6 64. Rg7 Rf5 65. Rg6+ Kb5 66. Rg8 g3 67. Rg7 Kc4 68. Ra7 Rf2+ 69. Kh3 Rh2+ 70. Kg4 g2 71. Ra1 Rh1 72. Ra4+ Kb5 73. Ra1 Rxa1 74. Kh3 Ra2 75. Kh2 h3 76. Kg1 g4 77. Kh2 Ra1 0-1

[Event "26th Hit Open-A 2022"]
[Site "Nova Gorica"]
[Date "2022.09.19"]
[Round "6.48"]
[White "Papler, Peter"]
[Black "Mihelj, Edvard"]
[Result "0-1"]
[ECO "A40"]
[WhiteElo "1750"]
[BlackElo "1657"]
[Annotator "NA COMBH"]
[PlyCount "110"]
[EventDate "2022.09.16"]
[EventType "swiss"]
[EventCountry "SLO"]
[SourceTitle "playchess.com"]
[Source "ChessBase"]
[SourceQuality "1"]
[TimeControl "5400+30"]

1. d4 b6 2. Bf4 Bb7 3. Nc3 g6 4. e4 Bg7 5. Qd2 d6 6. Nf3 Nd7 7. O-O-O e6 8. Be2 Qe7 9. Rhe1 h5 10. Nb5 Ndf6 11. e5 Ne4 12. Qe3 d5 13. h4 a6 14. Nc3 Nh6 15. Nxe4 dxe4 16. Ng5 Nf5 17. Qb3 Nxh4 18. Bf1 Bh6 19. Nh3 Bxf4+ 20. Nxf4 O-O 21. Kb1 Rad8 22. Qh3 Qg5 23. Ne2 Nf5 24. Qc3 Rd7 25. Nc1 Rfd8 26. Nb3 c5 27. g3 Nxd4 28. Nxd4 cxd4 29. Qb4 Qxe5 30. Qxb6 Qc7 31. Qb3 Qa5 32. Bc4 Bd5 33. Bxd5 exd5 34. Rg1 Qb5 35. Rxd4 Qxb3 36. axb3 f5 37. Rgd1 Kf7 38. c4 Ke6 39. c5 Rc7 40. b4 g5 41. Kc2 Ke5 42. Kc3 f4 43. Ra1 fxg3 44. fxg3 Rc6 45. Re1 Rf8 46. Red1 Rd8 47. Rh1 a5 48. Rxh5 axb4+ 49. Rxb4 Rxc5+ 50. Kd2 Rg8 51. Ke3 Rc2 52. Rb5 Rg2 53. Rh3 Rf8 54. g4 Rff2 55. b4 Re2# 0-1

[Event "26th Hit Open-A 2022"]
[Site "Nova Gorica"]
[Date "2022.09.20"]
[Round "7.1"]
[White "Stefansson, Vignir Vatnar"]
[Black "Willow, Jonah B"]
[Result "1/2-1/2"]
[ECO "D27"]
[WhiteElo "2452"]
[BlackElo "2385"]
[Annotator "TA"]
[PlyCount "90"]
[EventDate "2022.09.16"]
[EventType "swiss"]
[EventCountry "SLO"]
[SourceTitle "playchess.com"]
[Source "ChessBase"]
[SourceQuality "1"]
[TimeControl "5400+30"]

1. Nf3 d5 2. d4 Nf6 3. c4 e6 4. e3 dxc4 5. Bxc4 a6 6. O-O c5 7. a4 Nc6 8. Qe2 cxd4 9. Rd1 Be7 10. exd4 O-O 11. Nc3 Nb4 12. Bg5 Bd7 {[%emt 0:03:45] CPLX 2.5 26 (h7-h6) (=26)} 13. d5 {[%emt 0:01:17] CPLX 2.6. D27: Queen's Gambit Accepted: Classical main line: 7 e4!? and 7 a4.} exd5 {[%emt 0:03:07] CPLX 2.7} 14. Nxd5 {[%emt 0:00:34] RECAPT} Nbxd5 {[%emt 0:02:12] RECAPT} ({Not} 14... Nfxd5 15. Bxe7 Nxe7 16. Ne5 $16) 15. Bxd5 {[%emt 0:00:07] RECAPT. White is slightly better.} Nxd5 {[%emt 0:04:06] RECAPT 12 (h7-h6) (=10)} 16. Rxd5 {[%emt 0:01:34] RECAPT} Bxg5 {[%emt 0:01:54] CPLX 2.8} 17. Nxg5 {[%emt 0:00:05] RECAPT} h6 $1 {[%emt 0:00:43] CPLX 3.0} 18. Qd2 {[%emt 0:06:43] Hoping for Nf3. CPLX 3.3} hxg5 {[%emt 0:01:45] CPLX 3.0 9 (Qd8-f6) (=7)} 19. Rxd7 {[%emt 0:00:07] CPLX 2.7} Qb6 {[%emt 0:00:49] CPLX 2.3 10 (Qd8-f6) (=7)} 20. a5 {[%emt 0:06:43] White is more active. CPLX 2.4} Qb3 {[%emt 0:12:06] [#] CPLX 2.6 47 (Qb6-f6) (=12)} (20... Qf6 $14) 21. Rd3 $146 {[%emt 0:03:03] CPLX 2.3 29 (Ra1-a3) (=3)} ({Predecessor:} 21. Ra3 Qe6 22. Re3 Qc6 23. h3 Rac8 24. Rc3 Qe4 25. Rg3 Rc5 26. b4 Rb5 27. Rd4 Qe7 28. Re3 Qf6 29. Rf3 Qe7 30. Re3 Qf6 31. Rde4 b6 32. axb6 {½-½ (32) Heberla,B (2550)-Zaitsev,M (2467) Germany 2019}) 21... Qc4 {[%emt 0:11:10] CPLX 2.5 10 (Qb3-b5) (=11)} 22. Rd4 {[%emt 0:00:21] BESTDEEP} Qb3 {[%emt 0:01:03] CPLX 2.6 34 (Qc4-c5) (=13)} 23. Rb4 {[%emt 0:02:36] CPLX 2.2 93 (Ra1-a3) (=11)} (23. Ra3 $16 Qb5 24. Rd5) 23... Rad8 $11 {[%emt 0:00:35] EASY} 24. Rxb3 {[%emt 0:07:19] CPLX 3.0 0 (Qd2xd8) (=10)} Rxd2 {[%emt 0:00:05] EASY} 25. Rxb7 {[%emt 0:00:03][%mdl 4096] Endgame KRR-KRR. CPLX 2.0} Rc8 {[%emt 0:00:50] Inhibits Rc1. CPLX 2.0} 26. b4 {[%emt 0:00:40] CPLX 2.0 0 (Ra1-f1) (=9)} Rcc2 {[%emt 0:00:14] CPLX 2.0} 27. Rf1 {[%emt 0:00:05] BESTDEEP} Rb2 {[%emt 0:00:50] CPLX 2.0 30 (Rc2-a2) (=11)} 28. h3 {[%emt 0:00:28][%cal Ob4b5] BESTDEEP} g6 {[%emt 0:06:57] CPLX 2.0 17 (Rb2-a2) (=11)} 29. Rb6 {[%emt 0:01:15] CPLX 2.0 30 (b4-b5) (=9)} (29. b5 $5 Ra2 30. bxa6 Rxa5 31. a7 $14) 29... Kg7 {[%emt 0:00:27] CPLX 2.0} 30. g3 {[%emt 0:02:28] CPLX 2.0 0 (Kg1-h1) (=8)} Rd4 {[%emt 0:00:54] CPLX 2.0} 31. Rxa6 {[%emt 0:01:26] aiming for Rb6. CPLX 2.0 0 (b4-b5) (=8)} Rdxb4 {[%emt 0:01:44] CPLX 2.2} 32. Ra1 {[%emt 0:01:18] Strongly threatening Ra8. CPLX 2.0 0 (Rf1-c1) (=8)} Rd4 {[%emt 0:02:40] RELBLUND 71 (Rb4-b5) (=13)} (32... Rb5 $11 {keeps the balance.}) 33. Ra3 {[%emt 0:05:16] CPLX 2.0 48 (Ra6-b6) (=10)} (33. Rb6 $16 Rxb6 34. axb6) 33... Rdd2 {[%emt 0:19:31] CPLX 2.0 14 (Rd4-d1) (=13)} 34. Rf3 {[%emt 0:00:10] Ra7 is the strong threat. CPLX 2.0 14 (Ra6-b6) (=10)} f5 {[%emt 0:00:04] [#] RELBLUND 105 (Rd2-d7) (=17)} (34... Rd7 $11) 35. Kg2 {[%emt 0:07:11] RELBLUND 94 (g3-g4) (=13)} (35. g4 $1 $16 ) 35... Rb4 $2 {[%emt 0:02:40] MISS-Rb2-a2 205 (Rb2-a2) (=25)} (35... Ra2 $14) 36. Rc3 $18 {[%emt 0:01:35] CPLX 2.0} g4 {[%emt 0:04:18] CPLX 2.1 14 (Rb4-b7) (=24)} 37. hxg4 {[%emt 0:04:58] CPLX 2.4} Rxg4 {[%emt 0:00:15] CPLX 2.3 132 (Rb4-b2) (=28)} (37... Rbb2 $142) 38. Rb6 $2 {[%emt 0:03:17] RELBLUND 304 (Rc3-c7) (=24)} ({White has to play} 38. Rc7+ $18 Kh6 39. Rf7) 38... Ra2 $2 {[%emt 0:00:29] [#] RELBLUND 234 (Rg4-a4) (=36)} (38... Ra4 $14) 39. a6 $1 {[%emt 0:00:20] DEEPSTRONG=>BLUNDERREACT} Kh6 {[%emt 0:00:14] BESTDEEP} 40. Rc8 {[%emt 0:03:17] BESTDEEP} Rd4 {[%emt 0:02:57] CPLX 2.4 50 (Ra2-a3) (=35)} 41. Rcc6 {[%emt 0:13:54] CPLX 2.3 0 (Rc8-g8) (=21)} Rdd2 {[%emt 0:00:34] CPLX 2.3 126 (Rd4-g4) (=38)} 42. Rxg6+ {[%emt 0:00:08] CPLX 2.4 10 (Kg2-h3) (=21)} Kh7 {[%emt 0:00:01] DEEPSTRONG} 43. Rge6 $2 {[%emt 0:02:03] CPLX 2.5 332 (Kg2-h3) (=31)} ({White should try} 43. Kh3 $18) 43... Rxf2+ $11 {[%emt 0:00:05] EASY. The position is equal.} 44. Kg1 {[%emt 0:00:02] Threatening mate with Re7+. EASY} Rg2+ $1 {[%emt 0:00:12] EASY} 45. Kf1 {[%emt 0:00:11] White wants to mate with Rb7+. EASY} Rxg3 {[%emt 0:00:09] Weighted Error Value: White=0.39/Black=0.46} 1/2-1/2

[Event "26th Hit Open-A 2022"]
[Site "Nova Gorica"]
[Date "2022.09.20"]
[Round "7.2"]
[White "Drazic, Sinisa"]
[Black "Kaasen, Tor Fredrik"]
[Result "1-0"]
[ECO "A00"]
[WhiteElo "2327"]
[BlackElo "2442"]
[Annotator "ChessBase"]
[PlyCount "85"]
[EventDate "2022.09.16"]
[EventType "swiss"]
[EventCountry "SLO"]
[SourceTitle "playchess.com"]
[Source "ChessBase"]
[SourceQuality "1"]
[TimeControl "5400+30"]

1. Nf3 d5 2. g3 Nd7 3. Bg2 e5 4. d3 Ngf6 5. O-O c6 6. e4 Bd6 7. Nc3 O-O 8. Bg5 h6 9. Bd2 Re8 10. Nh4 dxe4 11. Nf5 Bf8 12. Nxe4 Nc5 13. Nxc5 Bxc5 14. Be3 Bf8 15. Qf3 Be6 16. h3 Bd5 17. Qe2 Qd7 18. g4 Kh7 19. c4 Bxg2 20. Kxg2 c5 21. Rad1 Qc6+ 22. f3 g6 23. Ng3 Bg7 24. b3 b6 25. Rh1 Rf8 26. g5 hxg5 27. Bxg5 Nh5 28. Qe4 Qe8 29. Nxh5 f5 30. Nxg7 Kxg7 31. Qd5 f4 32. h4 Rf5 33. a4 Rc8 34. Qb7+ Rf7 35. Qe4 Qe6 36. Kf2 Rcf8 37. d4 Rf5 38. dxc5 bxc5 39. a5 Rb8 40. Rd3 Rf7 41. Kg2 Rfb7 42. Re1 Re8 43. Qxb7+ 1-0

[Event "26th Hit Open-A 2022"]
[Site "Nova Gorica"]
[Date "2022.09.20"]
[Round "7.3"]
[White "Wadsworth, Matthew J"]
[Black "Royal, Shreyas"]
[Result "1-0"]
[ECO "A11"]
[WhiteElo "2423"]
[BlackElo "2412"]
[Annotator "ChessBase"]
[PlyCount "83"]
[EventDate "2022.09.16"]
[EventType "swiss"]
[EventCountry "SLO"]
[SourceTitle "playchess.com"]
[Source "ChessBase"]
[SourceQuality "1"]
[TimeControl "5400+30"]

1. Nf3 d5 2. g3 Bg4 3. Bg2 c6 4. c4 e6 5. Qb3 Qb6 6. d3 Nd7 7. Be3 Qxb3 8. axb3 a6 9. cxd5 exd5 10. Nd4 Ngf6 11. h3 Bh5 12. f4 Bb4+ 13. Nd2 Bg6 14. f5 c5 15. fxg6 cxd4 16. gxf7+ Kxf7 17. Bxd4 Rac8 18. Kd1 Rc6 19. Rf1 Ke7 20. g4 h6 21. e4 dxe4 22. Nxe4 Rc7 23. Rc1 Rxc1+ 24. Kxc1 Rd8 25. Ng3 Nc5 26. Nf5+ Kf8 27. Kc2 Re8 28. Rf2 Rc8 29. Bc3 a5 30. Nd6 Rc7 31. Ne4 Ncxe4 32. Bxe4 Ke7 33. Bg2 Kd6 34. Kd2 Nd5 35. Bxd5 Kxd5 36. Bxb4 axb4 37. Rf4 g5 38. Rxb4 Rf7 39. Rb6 Rh7 40. Rg6 Kd4 41. b4 Rf7 42. Rd6+ 1-0

[Event "26th Hit Open-A 2022"]
[Site "Nova Gorica"]
[Date "2022.09.20"]
[Round "7.4"]
[White "Sonis, Francesco"]
[Black "Thavandiran, Shiyam"]
[Result "1-0"]
[ECO "E69"]
[WhiteElo "2542"]
[BlackElo "2363"]
[Annotator "TA"]
[PlyCount "75"]
[EventDate "2022.09.16"]
[EventType "swiss"]
[EventCountry "SLO"]
[SourceTitle "playchess.com"]
[Source "ChessBase"]
[SourceQuality "1"]
[TimeControl "5400+30"]

1. Nf3 Nf6 2. g3 g6 3. c4 Bg7 4. Bg2 O-O 5. O-O d6 6. d4 Nbd7 7. Nc3 e5 8. e4 c6 9. h3 exd4 10. Nxd4 Qb6 11. Nc2 {[%emt 0:03:53] CPLX 2.3 43 (Nd4-e2) (=43)} Ne8 {[%emt 0:09:34] CPLX 2.5 22 (Nd7-c5) (=22). E69: King's Indian: Fianchetto: 6...Nbd7 7 0-0 e5 8 e4 c6 9 h3.} 12. Bd2 {[%emt 0:06:32][%cal Bc1d2,Bd2e3,Be3d4][%mdl 32] CPLX 2.5 21 (Nc2-e3) (=32)} Ne5 {[%emt 0:06:13] RELBLUND 55 (a7-a5) (=39)} (12... a5 $11) 13. b3 $1 $16 {[%emt 0:00:15] DEEPSTRONG} f5 {[%emt 0:01:05] [#] CPLX 3.0 24 (Ne5-d3) (=34). White is slightly better.} 14. Kh1 $146 {[%emt 0:11:53] MISSDEEP-Nc2-e3 86 (Nc2-e3) (=38)} (14. Ne3 $1 $16) ({Predecessor:} 14. Rc1 Nf6 15. exf5 Bxf5 16. Be3 Qc7 17. Nd4 Bd7 18. Qd2 Rae8 19. Rcd1 a6 20. Kh2 {1-0 (33) Arkell,K (2450)-Kalegin,E (2474) Katerini 2014}) 14... Nf6 {[%emt 0:22:02] MISS-Ne5-d3 22 (Ne5-d3) (=31)} (14... Nd3 $5 15. Qe2 Nc5 $11) 15. f4 {[%emt 0:09:35] CPLX 2.6} Nf7 {[%emt 0:00:19] BESTDEEP} 16. Be3 {[%emt 0:05:32] CPLX 2.5} Qa5 {[%emt 0:08:46] CPLX 2.8 10 (Qb6-d8) (=22)} 17. Bd4 $36 {[%emt 0:00:39][%mdl 2048] Black is under pressure. BESTDEEP} Be6 {[%emt 0:14:24] CPLX 3.1 42 (Rf8-e8) (=25)} 18. exf5 {[%emt 0:02:48] CPLX 3.1} gxf5 {[%emt 0:01:39] CPLX 3.6 32 (Qa5xf5) (=26)} 19. Ne3 {[%emt 0:01:23] CPLX 3.1 18 (Qd1-d3) (=19)} Rae8 {[%emt 0:02:26] CPLX 2.9 0 (Rf8-e8) (=23)} (19... c5 $2 20. Bxf6 Bxf6 21. Ncd5 $18) 20. Qd3 {[%emt 0:04:51][%cal Ob3b4] CPLX 3.0 24 (Ra1-b1) (=19)} Nh5 {[%emt 0:12:24][%cal Of7e5] [#] CPLX 3.0 40 (Nf7-e5) (=25)} 21. Kh2 $1 {[%emt 0:00:22] CPLX 3.2} Bc8 {[%emt 0:03:53] CPLX 3.4 13 (Nf7-e5) (=24)} 22. Bxg7 {[%emt 0:03:32] CPLX 3.4 13 (Nc3-e2) (=17)} Nxg7 {[%emt 0:00:08] RECAPT} 23. Rae1 {[%emt 0:02:20] CPLX 2.5} Re7 {[%emt 0:04:19] CPLX 2.7 50 (Bc8-d7) (=24)} (23... Bd7 $16) 24. b4 $18 {[%emt 0:03:27] BESTDEEP} Qd8 {[%emt 0:00:08] BESTDEEP} (24... Qxb4 $2 25. Nc2 Rxe1 26. Nxb4 $18) 25. Nc2 {[%emt 0:00:26] CPLX 2.5 36 (Nc3-e2) (=16)} Rxe1 {[%emt 0:00:30] CPLX 2.5 19 (a7-a6) (=22)} 26. Rxe1 {[%emt 0:00:02] RECAPT} Re8 {[%emt 0:00:08] CPLX 2.2 21 (Bc8-d7) (=22)} 27. Rd1 {[%emt 0:00:11] White has more active pieces. CPLX 2.4 30 (Re1xe8) (=16)} h5 {[%emt 0:02:23] CPLX 2.2 15 (a7-a6) (=21)} 28. Bf3 {[%emt 0:00:57] CPLX 2.3 66 (b4-b5) (=19)} (28. b5 $142) 28... h4 $16 {[%emt 0:00:19] CPLX 2.4} 29. Rg1 {[%emt 0:00:41] CPLX 2.7} hxg3+ {[%emt 0:00:24] CPLX 2.6 3 (Kg8-f8) (=19)} 30. Rxg3 {[%emt 0:00:06] Threatens to win with Qd4. RECAPT} Qf6 {[%emt 0:00:19] CPLX 3.3 44 (Qd8-h4) (=21)} 31. b5 {[%emt 0:01:54] BESTDEEP} Bd7 {[%emt 0:01:28] CPLX 3.7 0 (Nf7-d8) (=20)} 32. Nd4 {[%emt 0:04:28][%cal Rb5c6] CPLX 3.7 13 (Nc2-b4) (=16)} Rc8 {[%emt 0:00:26][%mdl 8192] MISSDEEP-Nf7-d8 348 (Nf7-d8) (=35)} (32... Nd8 $16 {is more resistant.}) 33. bxc6 $18 {[%emt 0:09:46] CPLX 3.7} bxc6 {[%emt 0:00:04] [#] RECAPT} 34. Bxc6 $1 {[%emt 0:00:11][%mdl 512] RECAPT} Bxc6 {[%emt 0:01:22] RECAPT} 35. Qxf5 {[%emt 0:00:19] Dancing on a razor blade. RELBLUND 310 (Nd4xc6) (=26)} ({Resist} 35. Nxf5 Kh8 36. Rxg7 Re8 $18) ({White should try} 35. Nxc6 $18 {Hoping for Nd5.} Rxc6 36. Nd5) 35... Qxd4 $14 {[%emt 0:02:28] BESTDEEP=>BLUNDERREACT} (35... Qxf5 $2 36. Nxf5 Kf8 37. Rxg7 $16) 36. Qxc8+ {[%emt 0:00:04] EASY} Kh7 $2 {[%emt 0:00:02][%mdl 8192] EVAL 400 (Nf7-d8) (=45)} (36... Nd8 $14 37. Qxd8+ Kh7 38. Qh4+ Kg8 39. Qd8+ Kh7) 37. Qxc6 $18 {[%emt 0:00:06] Strongly threatening Ne4. EASY} Nf5 {[%emt 0:01:29] EVAL 135 (Qd4-d2) (=48)} 38. Qe4 {[%emt 0:00:47] Weighted Error Value: White=0.32/Black=0.34} 1-0